AoeStats
← mrbeast2mrbeast2

African Clearing

510315382Analyzed
4v4 RM · 18h ago on Sep 30, 2026· 55m 2s· 8 players
Game mode
Random Map
Map size
Large (8 player)
Population
200
Speed
Normal
Resources
Standard
Victory
Conquest
Starting age
Dark Age
Ending age
Imperial Age
RankedLock teamsTeams togetherTeam positionsShared explorationLock speedFull tech treeHidden civsTurbo modeCheats
Victory
Defeat
786
+12
🇻🇳 Britons · Vietnam
637
+18
🇨🇳 Spanish · China
585
+20
🇳🇱 Koreans · Netherlands
552
+21
🇨🇳 Franks · China
705
-19
🇧🇷 Persians · Brazil
686
-18
🇵🇰 Poles · Pakistan
666
-17
🇨🇱 Varangians · Chile
654
-17
CHILEPALESTA
5:10 Loom
17:05 Feudal Age
19:21 Fletching
20:36 Stone Mining
20:12 Man-at-Arms
20:39 Arson
20:58 Scale Mail Armor
21:09 Forging
27:45 Castle Age
26:00 Horse Collar
26:21 Double-Bit Axe
30:08 Bow Saw
32:43 Bodkin Arrow
38:05 Heavy Plow
47:19 Wheelbarrow
pagerbon
10:29 Loom
16:22 Feudal Age
17:02 Double-Bit Axe
16:59 Horse Collar
16:49 Man-at-Arms
25:14 Fletching
30:35 Scale Mail Armor
33:39 Forging
47:16 Town Watch
49:43 Wheelbarrow
skiopnado
6:04 Loom
18:15 Feudal Age
19:28 Double-Bit Axe
22:04 Scale Barding Armor
22:11 Forging
30:24 Castle Age
28:28 Stone Mining
30:19 Gold Mining
32:57 Gold Shaft Mining
32:36 Bow Saw
32:34 Husbandry
33:30 Chain Barding Armor
33:46 Iron Casting
37:06 Wheelbarrow
43:20 Imperial Age
41:08 Hand Cart
43:37 Cavalier
45:10 Plate Barding Armor
45:36 Blast Furnace
44:59 Conscription
45:41 Chivalry
46:54 Paladin
50:25 Caravan
mrbeast2mrbeast2
11:00 Loom
17:49 Feudal Age
19:40 Wheelbarrow
20:12 Horse Collar
20:50 Gold Mining
22:20 Bloodlines
30:44 Castle Age
28:50 Stone Mining
31:24 Forging
31:20 Scale Barding Armor
31:31 Husbandry
32:19 Hand Cart
34:08 Heavy Plow
34:31 Chain Barding Armor
34:47 Iron Casting
39:34 Stone Shaft Mining
43:40 Imperial Age
41:43 Szlachta Privileges
41:51 Szlachta Privileges
42:13 Caravan
42:44 Coinage
43:50 Cavalier
48:01 Blast Furnace
47:32 Lechitic Legacy
49:31 Man-at-Arms
JesseThebeast67
12:23 Feudal Age
13:41 Wheelbarrow
13:35 Double-Bit Axe
13:32 Horse Collar
15:35 Stone Mining
32:52 Castle Age
33:18 Gold Mining
34:19 Hand Cart
36:00 Stone Shaft Mining
36:03 Gold Shaft Mining
36:16 Fletching
38:30 Bow Saw
40:59 Loom
43:50 Bodkin Arrow
47:39 Pikeman
48:20 Squires
50:45 Eupseong
51:01 Fortified Wall
51:03 Masonry
56:01 Imperial Age
Cáo
7:11 Loom
16:08 Feudal Age
19:28 Double-Bit Axe
20:18 Horse Collar
28:28 Castle Age
27:00 Stone Mining
28:46 Fletching
28:59 Padded Archer Armor
30:50 Forging
32:07 Squires
31:36 Pikeman
36:07 Wheelbarrow
35:30 Bodkin Arrow
35:51 Leather Archer Armor
37:28 Bow Saw
37:19 Heavy Plow
41:10 Imperial Age
40:02 Ballistics
41:53 Bracer
42:23 Ring Archer Armor
42:46 Hand Cart
42:21 Town Watch
45:12 Conscription
46:25 Ring Archer Armor
45:58 Scale Mail Armor
46:34 Town Patrol
47:54 Chemistry
50:04 Halberdier
51:01 Chain Mail Armor
51:21 Iron Casting
53:09 Plate Mail Armor
53:16 Yeomen
54:18 Gold Mining
55:31 Two-Man Saw
55:00 Caravan
55:34 Coinage
DrakeTheThief
4:14 Loom
14:51 Feudal Age
15:19 Man-at-Arms
33:01 Bloodlines
39:46 Castle Age
40:08 Long Swordsman
40:35 Gambesons
47:40 Fletching
47:51 Padded Archer Armor
48:09 Herbal Medicine
48:23 Horse Collar
48:30 Double-Bit Axe
48:38 Stone Mining
48:42 Gold Mining
49:10 Husbandry
50:13 Bow Saw
50:07 Heavy Plow
53:28 Pikeman
54:09 Squires
Mygo第一突破手长崎素世
3:30 Loom
14:54 Feudal Age
15:29 Horse Collar
15:39 Double-Bit Axe
18:44 Wheelbarrow
23:50 Castle Age
25:17 Forging
25:08 Scale Mail Armor
27:53 Gold Mining
27:54 Stone Mining
32:18 Heavy Plow
33:13 Bow Saw
36:23 Imperial Age
35:33 Scale Barding Armor
36:04 Iron Casting
36:43 Gold Shaft Mining
36:44 Stone Shaft Mining
37:11 Chain Mail Armor
37:28 Conscription
36:47 Elite Fire Lancer
37:13 Arson
37:28 Squires
39:17 Crop Rotation
39:50 Two-Man Saw
40:39 Blast Furnace
40:08 Hand Cart
42:21 Chain Barding Armor
43:43 Chemistry
42:49 Siege Engineers
42:24 Treadmill Crane
44:03 Plate Barding Armor
45:15 Ballistics
47:55 Bloodlines
47:45 Husbandry
47:06 Elite Steppe Lancer
47:34 Light Cavalry
48:57 Masonry
48:58 Fortified Wall
48:14 Hussar
Connection lost

Rejoining the realm…

Still unreachable

The connection could not be restored.

Session expired

The server has moved on; the page needs a fresh start.